 Dungeon Crawl Stone Soup version 0.21.1-1-g345015f (webtiles) character file.

57 Wander the Poker (level 4, 0/49 HPs)
             Began as a Human Wanderer on May 7, 2018.
             Succumbed to a worker ant's poison
             ... on level 3 of the Dungeon.
             The game lasted 00:03:00 (1305 turns).

Wander the Poker (Human Wanderer)                   Turns: 1305, Time: 00:03:00

Health: 0/49       AC: 22    Str: 14    XL:     4   Next: 18%
Magic:  4/4        EV:  2    Int: 17    God:
Gold:   97         SH:  0    Dex: 17    Spells: 3/3 levels left

rFire    . . .     SeeInvis .   c - +0 spear
rCold    . . .     Gourm    .   (no shield)
rNeg     + + +     Faith    .   (armour currently unavailable)
rPois    +         Spirit   .   (helmet currently unavailable)
rElec    .         Reflect  .   (cloak currently unavailable)
rCorr    .         Harm     .   (gloves currently unavailable)
MR       +....     NoTele   +   (boots currently unavailable)
Stlth    +++.......             (no amulet)
HPRegen  0.16/turn              j - ring of protection from magic
MPRegen  0.09/turn              (no ring)

@: brilliant, agile, lethally poisoned (0 -> -9), tree-form
A: wild magic 1, evolution 1, MP-powered wands
a: no special abilities


You were on level 3 of the Dungeon.
You were not hungry.
You were a tree.
You visited 1 branch of the dungeon, and saw 4 of its levels.

You collected 97 gold pieces.

Inventory:

Hand Weapons
 c - a +0 spear (weapon)
 d - a +0 dagger
Armour
 a - a +2 leather armour (melded)
 e - a +0 cloak (melded)
Jewellery
 h - an uncursed ring of see invisible {unknown}
 j - a ring of protection from magic (left branch)
Scrolls
 i - 2 scrolls of identify {unknown}
 k - a scroll of remove curse {unknown}
 m - a scroll of teleportation {unknown}
 n - a scroll of magic mapping {unknown}
 p - a scroll of enchant weapon {unknown}
 s - a scroll of blinking {unknown}
Comestibles
 f - 5 rations


   Skills:
 - Level 2.0 Fighting
 + Level 4.1 Polearms
   Level 1.0 Bows
 - Level 1.0 Throwing
 - Level 1.0 Armour
 - Level 1.0 Dodging
 - Level 2.0 Stealth


You had 3 spell levels left.
You didn't know any spells.

Dungeon Overview and Level Annotations

Branches:
Dungeon (4/15)
 Temple: D:4-7

Altars:
Sif Muna


Innate Abilities, Weirdness & Mutations

Your spells are a little harder to cast, but a little more powerful.
You evolve.
You expend magic power (3 MP) to strengthen your wands.


Message History

* * * LOW HITPOINT WARNING * * *
You feel sick.
The worker ant bites you but does no damage.
The adder bites you but does no damage. The worker ant bites you.
* * * LOW HITPOINT WARNING * * *
You hit the worker ant but do no damage.
The worker ant is moderately wounded.
* * * LOW HITPOINT WARNING * * *
You feel sick. The adder bites you but does no damage.
The worker ant bites you but does no damage.
You closely miss the worker ant.
The worker ant is moderately wounded.
* * * LOW HITPOINT WARNING * * *
You feel sick. The adder bites you but does no damage.
The worker ant bites you but does no damage.
The adder bites you but does no damage.
You aren't carrying any potions.
You hit the worker ant but do no damage.
The worker ant is moderately wounded.
You die...

. ## ..
_###...
####.....
#...a.#
#..♣S.#
#.....#
#######


You could see a worker ant and an adder.

Vanquished Creatures
  An adder (D:2)
  An ooze (D:1)
  2 worms (D:2)
  3 dart slugs
  A leopard gecko (D:1)
  3 bats
  3 giant cockroaches (D:1)
  3 goblins (D:1)
  A hobgoblin (D:2)
  2 quokkas (D:2)
  A ball python (D:1)
  4 frilled lizards
  2 kobolds
  4 rats (D:1)
31 creatures vanquished.

Notes
Turn   | Place    | Note
-------+----------+-------------------------------------------
     0 | D:1      | Wander the Human Wanderer began the quest for the Orb.
     0 | D:1      | Wander set off with: a +2 leather armour, a potion of lignification, a +0 spear, a +0 dagger, a ration
     0 | D:1      | Reached XP level 1. HP: 16/16 MP: 1/1
   224 | D:1      | Reached XP level 2. HP: 22/22 MP: 2/2
   290 | D:1      | Reached skill level 3 in Polearms
   463 | D:1      | Reached XP level 3. HP: 16/27 MP: 3/3
   984 | D:2      | Reached skill level 4 in Polearms
   984 | D:2      | Reached XP level 4. HP: 32/33 MP: 4/4
  1272 | D:2      | You fall through a shaft for 2 floors!
  1285 | D:3      | Found a deep blue altar of Sif Muna.
  1298 | D:3      | Gained mutation: You evolve. [potion of mutation]
  1298 | D:3      | Gained mutation: You expend magic power (3 MP) to strengthen your wands. [potion of mutation]
  1298 | D:3      | Gained mutation: Your spells are a little harder to cast, but a little more powerful. [potion of mutation]
  1303 | D:3      | HP: 2/49 [poisoned by a worker ant]
  1305 | D:3      | Succumbed to a worker ant's poison

Skill      XL: |  1  2  3 |
---------------+----------+-----
Polearms       | 3 4 |  4.1
Fighting       | |  2.0
Bows           | |  1.0
Throwing       | |  1.0
Armour         | |  1.0
Dodging        | |  1.0
Stealth        | |  2.0

Action                   |  1- 3 |  4- 6 || total
-------------------------+-------+-------++-------
Melee: Spear             |   119 |    41 ||   160
  Use: Potion            |       |     5 ||     5
 Stab: Sleeping          |     4 |     2 ||     6
  Eat: Chunk             |       |     1 ||     1
Armor: Leather armour    |    35 |     6 ||    41
       Skin              |       |    13 ||    13
Dodge: Dodged            |    61 |    15 ||    76
